 Dungeon Crawl Stone Soup version 0.32-a0-407-g4da7c8d6d1 (webtiles) character file.

Game seed: 10170590488336891580

1580834 CobblerOfWar the Intangible (level 27, 149/149 HPs)
             Began as a Spriggan Hunter on Feb 20, 2024.
             Was a Favourite Plaything of Xom.
             Escaped with the Orb
             ... and 3 runes!
             The game lasted 02:06:06 (83324 turns).

CobblerOfWar the Intangible (Spriggan Hunter)      Turns: 83324, Time: 02:06:07

Health: 149/149    AC: 17    Str:  6    XL:     27
Magic:  36/36      EV: 58    Int: 17    God:    Xom [..*...]
Gold:   5025       SH:  0    Dex: 32    Spells: 40/46 levels left

rFire   + + +        N - +9 arbalest (freeze)
rCold   + . .        (shield currently unavailable)
rNeg    . . .        D - +5 steam dragon scales
rPois   +            n - +0 hat of Distant Worlds {*Slow rElec rF+}
rElec   +            h - scarf {rC+ rF+}
rCorr   .            (gloves unavailable)
SInv    +            (boots unavailable)
Will    +++++        d - amulet of guardian spirit
Stlth   ++           T - +4 ring of protection
HPRegen 0.44/turn    X - ring of Lainikl Sian {rF++ Dex+3 SInv}
MPRegen 0.25/turn

%: slow self (1%), guardian spirit
@: studying 2 skills, very quick
A: reduced essence, very small, no large weapons, unfitting armour, see
invisible, speed 3, horns 1, clever 1, low MP 1, strong-willed 1, poison
resistance
0: Orb of Zot
}: 3/15 runes: decaying, slimy, gossamer
a: Renounce Religion


You escaped.
You worshipped Xom.
You were a toy of Xom.
You visited 12 branches of the dungeon, and saw 55 of its levels.
You visited 3 bazaars.
You also visited: Trove and Ossuary.

You collected 7827 gold pieces.
You spent 2802 gold pieces at shops.

Inventory:

Hand Weapons
 g - a +2 hand cannon of draining
 N - a +9 arbalest of freezing (weapon)
 W - a +4 arbalest of freezing
Missiles
 i - 4 curare-tipped darts
Armour
 h - a scarf of resistance (worn)
 n - the +0 hat of Distant Worlds (worn) {*Slow rElec rF+}
   (You found it on level 4 of the Spider Nest)

   rF+:       It protects you from fire.
   rElec:     It insulates you from electricity.
   *Slow:     It may slow you when you take damage.
 B - a +3 buckler of resistance
 D - +5 steam dragon scales (worn)
 Q - the +4 faerie dragon scales {rC+ rCorr}
   (You took it off the Enchantress on level 4 of the Depths)

   rC+:       It protects you from cold.
   rCorr:     It protects you from acid and corrosion.
 U - a +3 troll leather armour
Jewellery
 a - the ring of Yxkure {rElec rF+ Int+6 Slay-2}
   (You found it on level 5 of the Pits of Slime)

   [ring of protection from fire]

   Int+6:     It affects your intelligence (+6).
   Slay-2:    It affects your accuracy & damage with ranged weapons and melee
   (-2).
   rF+:       It protects you from fire.
   rElec:     It insulates you from electricity.
 d - an amulet of guardian spirit (around neck)
 u - the macabre finger necklace {Finger+ rN+}
   (You took it off a frost giant on level 2 of the Depths)

   [amulet of nothing]

   Finger+:   It enables you to equip an extra ring.
   rN+:       It protects you from negative energy.
 y - a ring of ice
 A - an amulet of faith
 E - the ring "Isugus" {rPois Str+6 Stlth+}
   (You took it off a deep elf sorcerer on level 3 of the Elven Halls)

   [ring of strength]

   Str+6:     It affects your strength (+6).
   rPois:     It protects you from poison Stlth+: It makes you more stealthy.
 K - a +4 ring of slaying
 S - the ring "Vautokla" {rC+ Will+ Str+4 Int+3}
   (You took it off a vampire knight on level 3 of the Crypt)

   [ring of protection from cold]

   Str+4:     It affects your strength (+4).
   Int+3:     It affects your intelligence (+3).
   rC+:       It protects you from cold.
   Will+:     It increases your willpower.
 T - a +4 ring of protection (left hand)
 X - the ring of Lainikl Sian (right hand) {rF++ Dex+3 SInv}
   (You found it on level 3 of the Depths)

   [ring of see invisible]

   Dex+3:     It affects your dexterity (+3).
   rF++:      It greatly protects you from fire.
   SInv:      It lets you see invisible.
 Y - an amulet of the acrobat
Wands
 c - a wand of quicksilver (12)
 v - a wand of digging (10)
Scrolls
 b - 3 scrolls of revelation {@r5}
 j - 25 scrolls of teleportation {@r3}
 m - 8 scrolls of amnesia
 o - 9 scrolls of vulnerability {!r}
 r - 8 scrolls of fear
 s - 15 scrolls of poison
 w - 6 scrolls of immolation
 x - 2 scrolls of brand weapon
 z - 5 scrolls of summoning {!r}
 C - 3 scrolls of silence {!r}
 F - 2 scrolls of enchant weapon
 G - 7 scrolls of blinking {@r4}
 J - 7 scrolls of fog {@r2}
Potions
 e - 7 potions of magic
 f - 11 potions of lignification
 k - 12 potions of mutation
 l - 15 potions of might {@q3}
 p - 25 potions of curing {@q2}
 q - 7 potions of heal wounds {@q1}
 t - 3 potions of berserk rage
 H - 7 potions of haste {@q5}
 I - 5 potions of cancellation
 L - 2 potions of resistance
 M - 7 potions of invisibility
 O - 7 potions of enlightenment
 P - 6 potions of brilliance
 R - 7 potions of attraction
 Z - 11 potions of ambrosia
Miscellaneous
 V - a phantom mirror


   Skills:
 + Level 24.1 Fighting
 - Level 18.0 Ranged Weapons
 - Level 15.0 Armour
 O Level 27 Dodging
 - Level 8.0 Stealth
 - Level 10.0 Shields
 - Level 10.0 Spellcasting
 - Level 5.0 Hexes
 - Level 10.0 Translocations
 + Level 24.1 Invocations


You had 40 spell levels left.
You knew the following spells:

 Your Spells              Type           Power      Damage    Failure   Level
a - Dimensional Bullseye  Hex/Tloc       17%        N/A       3%          4
b - Blink                 Tloc           84%        N/A       1%          2

Your spell library contained the following spells:

 Spells                   Type           Power      Damage    Failure   Level
 Apportation              Tloc           84%        N/A       1%          1
 Jinxbite                 Hex            50%        N/A       1%          2
 Lesser Beckoning         Tloc           84%        N/A       1%          2
 Momentum Strike          Conj/Tloc      50%        3d9       1%          2
 Gell's Gravitas          Tloc           42%        N/A       1%          3
 Teleport Other           Tloc           42%        N/A       1%          3
 Manifold Assault         Tloc           42%        N/A       1%          4
 Confusing Touch          Hex            25%        N/A       3%          3
 Sigil of Binding         Hex            25%        N/A       3%          3
 Ensorcelled Hibernation  Hex/Ice        34%        N/A       4%          2
 Kiss of Death            Conj/Necr      32%        2d7       9%          1
 Magic Dart               Conj           32%        1d4       9%          1
 Necrotise                Necr           32%        1d5       9%          1
 Sting                    Conj/Alch      32%        1d5       9%          1
 Summon Small Mammal      Summ           32%        N/A       9%          1
 Dazzling Flash           Conj/Hex       34%        N/A       9%          3
 Cause Fear               Hex            12%        N/A       11%         4
 Vhi's Electric Charge    Tloc/Air       50%        N/A       11%         4
 Call Imp                 Summ           16%        N/A       13%         2
 Cigotuvi's Dreadful Rot  Necr/Alch/Air  16%        N/A       13%         2
 Searing Ray              Conj           16%        2d5       13%         2
 Static Discharge         Conj/Air       16%        3-4/arc   13%         2
 Sublimation of Blood     Necr           8%         N/A       13%         2
 Dispersal                Tloc           21%        N/A       22%         6
 Call Canine Familiar     Summ           8%         N/A       26%         3
 Fugue of the Fallen      Necr           8%         N/A       26%         3
 Hailstorm                Conj/Ice       8%         3d5       26%         3
 Mephitic Cloud           Conj/Alch/Air  8%         N/A       26%         3
 Ozocubu's Armour         Ice            8%         N/A       26%         3
 Summon Ice Beast         Ice/Summ       8%         N/A       26%         3
 Anguish                  Hex/Necr       8%         N/A       30%         4
 Airstrike                Air            4%         2d(1-17)  63%         4
 Animate Armour           Summ/Erth      16%        N/A       63%         4
 Animate Dead             Necr           8%         N/A       63%         4
 Dispel Undead            Necr           8%         3d8       63%         4
 Fulminant Prism          Conj/Alch      4%         3d5       63%         4
 Ignite Poison            Fire/Alch      8%         N/A       63%         4
 Martyr's Knell           Necr/Summ      8%         N/A       63%         4
 Summon Blazeheart Golem  Fire/Summ      8%         N/A       63%         4
 Summon Lightning Spire   Summ/Air       8%         N/A       63%         4
 Silence                  Hex/Air        8%         N/A       63%         5
 Summon Mana Viper        Hex/Summ       17%        N/A       63%         5
 Yara's Violent Unravell  Hex/Alch       8%         3d5       63%         5
 Arcjolt                  Conj/Air       4%         1d14      93%         5
 Borgnjor's Vile Clutch   Necr/Erth      4%         N/A       93%         5
 Curse of Agony           Necr           8%         N/A       93%         5
 Fireball                 Conj/Fire      4%         3d4       93%         5
 Freezing Cloud           Conj/Ice/Air   4%         6-21      93%         5
 Iskenderun's Battlesphe  Conj           8%         2d6       93%         5
 Lee's Rapid Deconstruct  Erth           4%         3d5*      93%         5
 Bombard                  Conj/Erth      4%         9d2       100%        6
 Death Channel            Necr           4%         N/A       100%        6
 Plasma Beam              Fire/Air       4%         2x1d14    100%        6
 Sculpt Simulacrum        Ice/Alch       4%         N/A       100%        6
 Enfeeble                 Hex            12%        N/A       100%        7
 Haunt                    Necr/Summ      4%         N/A       100%        7
 Monstrous Menagerie      Summ           4%         N/A       100%        7
 Orb of Destruction       Conj           4%         9d5       100%        7
 Spellforged Servitor     Conj/Summ      4%         N/A       100%        7
 Summon Hydra             Summ           4%         N/A       100%        7
 Borgnjor's Revivificati  Necr           4%         N/A       100%        8
 Disjunction              Tloc           21%        N/A       100%        8
 Infestation              Necr           4%         N/A       100%        8
 Chain Lightning          Conj/Air       4%         3d5       100%        9
 Death's Door             Necr           4%         N/A       100%        9
 Dragon's Call            Summ           4%         N/A       100%        9
 Fire Storm               Conj/Fire      4%         8d1       100%        9
 Shatter                  Erth           4%         3d7*      100%        9


Dungeon Overview and Level Annotations

Branches:
Dungeon (15/15)            Temple (1/1) D:6            Lair (5/5) D:8
  Swamp (4/4) Lair:2       Spider (4/4) Lair:2        Slime (5/5) Lair:4
    Orc (2/2) D:10            Elf (3/3) Orc:2        Vaults (4/5) D:14
  Crypt (3/3) Vaults:2       Tomb (0/3) Crypt:3      Depths (4/4) D:15
    Zot (5/5) Depths:4    Ossuary (visited)

Altars:
Ashenzari
Cheibriados
Dithmenos
Elyvilon
Fedhas
Gozag
Hepliaklqana
Kikubaaqudgha
Makhleb
Nemelex Xobeh
Okawaru
Qazlal
Ru
Sif Muna
Trog
Uskayaw
Vehumet
Wu Jian
Xom
Yredelemnul
Zin
The Shining One
Beogh
Jiyva
Lugonu

Shops:
D:3 !   Orc:2 (([*(

Portals:
Hell: Depths:1 Depths:2 Depths:3 Depths:4
Abyss: D:10 Lair:5 Depths:2 Depths:3
Pandemonium: Depths:1 Depths:2 Depths:4
Ziggurat: Depths:1

Annotations:
Vaults:4 3 runed translucent doors, Qedwod's ghost, veteran DrFE
Depths:4 Xtahua
Zot:5 36 runed translucent doors


Innate Abilities, Weirdness & Mutations

Your life essence is reduced to manifest your ancestor. (-10% HP)
You are very small and have problems with some larger weapons.
You are too small for most types of armour.
You have supernaturally acute eyesight. (SInv)
You cover ground extremely quickly. (Speed+++)
You have a pair of small horns on your head.
Your mind is acute. (Int +4, Str/Dex -1)
Your magical capacity is low. (-10% MP)
You are strong-willed. (Will+)
Your system is resistant to poisons. (rPois)


Message History

The bolt barely misses the Hell Sentinel.
You shoot a bolt. The bolt hits the Hell Sentinel!!
You kill the Hell Sentinel!
No target in view!
There is an escape hatch in the ceiling here.
A mysterious force pulls you upwards. The hatch slams shut behind you.
There is a stone staircase leading up here.
You climb upwards.
An efreet comes into view.
It is wielding a +4 scimitar of flaming.
There is a stone staircase leading down here.
You shoot a bolt. The bolt hits the efreet!!
The bolt freezes the efreet.
The efreet is almost dead.
You shoot a bolt. The bolt hits the efreet!!
The bolt freezes the efreet.
You kill the efreet!
No target in view!
There is an open door here.
There is a stone staircase leading up here.
You climb upwards.
Your extra speed is starting to run out.
There is a stone staircase leading down here.
Aiming: Dig
Press: ? - help, Q - select action, (/) - cycle Shift-Dir - straight line You can't see that place. [a rock wall.]
The rock shatters into small pieces.
You feel yourself slow down.
You shoot a bolt. The bolt hits the plant!!
The plant begins to die.
The bolt freezes the plant.
The plant is lightly damaged.
You shoot a bolt. The bolt hits the plant!!
The bolt freezes the plant.
The plant is moderately damaged.
You shoot a bolt. The bolt hits the plant!!
The bolt freezes the plant!
The plant is heavily damaged.
You shoot a bolt. The bolt hits the plant!!!
The bolt freezes the plant!
The plant is severely damaged.
You shoot a bolt. The bolt hits the plant!!
The bolt freezes the plant.
The plant is almost destroyed.
A nearby plant withers and dies.
There is a staircase leading out of the dungeon here.
You have escaped!

...........######.#...#..........
...........# #.#.#.#..........
..###...#########.#.#.#..........
..###..†..........#.#.#.......###
..>..............................
............##########...........
.........#### ##..........
.#######.# ### ##.########
.........# #@## #..#######
.......### ##.## ##........
........# ##.#.## #........
........# #.###.### #........
........# #P#.###..###..#...>.
........# ####.####..##.......
........# ##.# ###..##.....
........# ##.#P# ###.......
........# ##.#### #.......


There were no monsters in sight!

Vanquished Creatures
  the Royal Jelly (Slime:5)
  Frederick (Depths:3)
  3 ancient liches
  3 orbs of fire
  A juggernaut (Depths:2)
  Sojobo (Depths:3)
  6 Killer Klowns (Zot:5)
  Boris (thrice) (Vaults:4 Depths:2)
  3 caustic shrikes
  2 golden dragons
  Norris (Vaults:4)
  the Enchantress (Depths:4)
  A profane servitor (D:14)
  3 electric golems
  A shard shrike zombie (Crypt:2)
  A Hell Sentinel (D:4)
  16 tentacled monstrosities
  15 Orb Guardians
  5 liches
  5 quicksilver dragons
  A deep elf blademaster (Elf:3)
  17 acid blobs
  3 titans
  An ancient champion (Crypt:1)
  2 deep elf master archers (Elf:3)
  2 death cobs (Zot:1)
  4 sphinxes
  Kirke (D:12)
  The ghost of hackum the Marksant, an adept FoHu of Okawaru (Elf:2)
  4 tengu reavers
  Frances (D:12)
  11 storm dragons
  A revenant (Crypt:1)
  7 protean progenitors
  4 draconian monks
  6 shadow dragons
  7 fire giants
  7 azure jellies (Slime:5)
  A fenstrider witch (Swamp:4)
  8 rockslimes
  3 deep elf sorcerers (Elf:3)
  An iron dragon (Depths:2)
  3 draconian knights
  4 draconian scorchers
  4 draconian shifters
  11 vault wardens
  7 ghost moths
  7 emperor scorpions
  6 frost giants
  4 deep elf elementalists (Elf:3)
  Louise (Elf:3)
  4 angels (Zot:4)
  A reaper (D:6)
  2 orc warlords
  11 quicksilver oozes
  4 spriggan defenders
  A broodmother (Spider:4)
  3 draconian annihilators
  9 ironbound preservers
  23 very ugly things
  2 formless jellyfish (Slime:5)
  2 green draconians
  13 stone giants
  Nessos (D:12)
  7 ironbound thunderhulks
  2 bunyips
  8 black draconians
  7 deep elf demonologists
  19 vampire knights
  6 deep elf death magi
  5 dire elephants
  6 purple draconians
  2 yellow draconians (Zot:1)
  3 deep elf annihilators
  A lorocyproca (Depths:4)
  5 spark wasps
  7 red draconians
  11 white draconians
  2 eidola
  A blizzard demon (Depths:2)
  10 fire dragons
  11 ettins
  12 jiangshi
  3 crystal guardians
  A shambling mangrove (Swamp:4)
  9 yaktaur captains
  3 entropy weavers
  A rakshasa (D:15)
  Fannar (D:12)
  8 great orbs of eyes
  A peacekeeper (Vaults:4)
  3 ogre magi
  2 fenstrider witch zombies (Crypt:1)
  Erolcha (D:9)
  3 vault guards
  10 ice dragons
  3 boulder beetles
  8 hydras
  8 ironbound frosthearts
  2 ghost crabs
  3 radroaches
  3 spriggan air magi
  16 centaur warriors
  A two-headed ogre (shapeshifter) (Depths:2)
  26 dancing weapons
  3 alligators
  A death knight (D:15)
  3 jorogumos
  4 deep troll shamans (Depths:1)
  12 two-headed ogres
  A death scarab (Spider:3)
  13 demonic crawlers
  3 tengu warriors
  14 vampire magi
  4 deep troll earth magi
  3 thrashing horrors (Lair:5)
  2 spriggan berserkers
  3 occultists
  5 death yaks
  An orc high priest (Orc:2)
  Sonja (Lair:3)
  2 soul eaters (Crypt:1)
  2 sun demons
  11 hell knights
  Amaemon (Lair:3)
  11 deep elf knights
  38 skeletal warriors
  2 iron trolls
  3 skysharks
  4 goliath frogs
  A shadow wraith (Crypt:3)
  42 deep trolls
  6 pharaoh ants
  A sixfirhy (Depths:4)
  3 glowing orange brains
  4 spriggan druids
  4 flayed ghosts
  9 orb spiders
  4 arcanists
  A mana viper (shapeshifter) (Depths:2)
  4 swamp dragons
  7 deep elf archers
  8 lindwurms
  A bog body (Lair:2)
  A deep troll (shapeshifter) (Depths:3)
  17 ironbound convokers
  5 harpies (Vaults:1)
  9 steelbarb worms
  5 large abominations
  17 phantasmal warriors
  An obsidian statue (Vaults:3)
  17 deep elf zephyrmancers
  A fenstrider witch simulacrum (Crypt:1)
  A shadow dragon zombie (Crypt:3)
  4 necromancers
  10 orc knights
  21 deep elf pyromancers
  A harpy (shapeshifter) (Elf:2)
  45 ugly things
  2 human zombies
  3 orc sorcerers (Orc:2)
  An oklob plant (Lair:5)
  5 will-o-the-wisps
  2 manticores
  A goliath frog skeleton (Crypt:1)
  8 shining eyes
  15 wolf spiders
  A shining eye (shapeshifter) (Zot:4)
  29 moths of wrath
  4 cyclopes
  An eleionoma zombie (Crypt:1)
  Joseph (D:9)
  A stone giant skeleton (Crypt:3)
  9 meliai
  6 kobold blastminers
  2 black mambas
  A water nymph (D:15)
  14 elephants
  A formless jellyfish zombie (Crypt:1)
  3 smoke demons
  9 vault sentinels
  The ghost of Nebesus the Covered, a novice AtFi (D:5)
  A toenail golem (Depths:2)
  3 eyes of devastation
  A red draconian zombie (Crypt:1)
  2 gargoyles
  10 cane toads
  5 torpor snails
  3 unseen horrors
  A white draconian zombie (Crypt:1)
  A hellion (Depths:4)
  3 rime drakes
  An efreet (D:2)
  2 ice devils
  A kobold demonologist (D:11)
  A grey draconian zombie (Crypt:1)
  7 komodo dragons
  22 yaktaurs
  2 freezing wraiths (Swamp:4)
  A red devil (D:6)
  2 tengu conjurers
  7 trolls
  A raiju (Lair:5)
  A queen bee (shapeshifter) (D:13)
  3 bloated husks
  12 hornets
  2 polar bears
  6 tyrant leeches
  18 tarantellas
  5 glass eyes
  A satyr zombie (Crypt:1)
  15 blink frogs
  A tarantella zombie (Crypt:3)
  4 dream sheep (Lair:5)
  An air elemental (Elf:1)
  A fire dragon zombie (Crypt:2)
  25 jumping spiders
  24 culicivoras
  103 slime creatures
  14 spriggans
  2 vampires
  4 ynoxinuls
  A satyr skeleton (Crypt:3)
  A shadow (D:9)
  14 wraiths
  Grum (D:9)
  3 water elementals (Elf:1)
  41 yaks
  3 fire elementals
  A wyvern (Lair:3)
  A warg (Orc:1)
  20 golden eyes
  4 basilisks
  45 redbacks
  5 hogs (D:12)
  6 vampire mosquitoes
  A spriggan simulacrum (Swamp:2)
  A chaos spawn (Lair:5)
  4 swamp worm simulacra (Swamp:4)
  14 hydra simulacra
  12 small abominations
  21 swamp worms
  3 acid dragons
  A water nymph zombie (Crypt:3)
  10 water moccasins
  A swamp drake (Swamp:3)
  33 orc warriors
  2 black bears
  A swamp drake (shapeshifter) (D:10)
  A sky beast (D:7)
  12 laughing skulls
  9 ogres
  4 centaurs
  14 wolves
  A swamp dragon skeleton (Crypt:3)
  2 kobold brigands
  16 bullfrogs
  A brain worm (shapeshifter) (Elf:3)
  An earth elemental (Elf:2)
  2 gnoll sergeants
  A yaktaur skeleton (Crypt:2)
  2 water moccasin zombies (Ossuary)
  2 scorpions (D:7)
  15 wights
  5 killer bees (Lair:2)
  6 electric eels
  4 howler monkeys
  2 bullfrog zombies (Ossuary)
  2 centaur zombies
  10 jellies (Lair:4)
  3 bombardier beetles
  25 orc priests
  Terence (D:3)
  A basilisk skeleton (Crypt:1)
  3 iguanas
  16 orc wizards
  12 hell rats
  2 tengu skeletons (Crypt:2)
  7 adders
  12 gnolls
  A howler monkey skeleton (Crypt:1)
  3 river rats (Lair:4)
  A shadow imp (D:6)
  2 swamp drake simulacra (Swamp:4)
  3 dart slugs
  84 orcs
  10 endoplasms
  2 giant cockroaches (D:4)
  6 gnoll zombies (Ossuary)
  6 goblins
  10 hobgoblins
  6 jackals
  3 quokkas
  6 ball pythons
  11 bats
  4 frilled lizards
  A giant cockroach zombie (Crypt:2)
  A goblin skeleton (Crypt:3)
  A goblin zombie (Ossuary)
  5 hobgoblin zombies (Ossuary)
  24 kobolds
  3 orc zombies (Ossuary)
  2 quokka skeletons
  10 rats
  2 aspiring fleshes
2017 creatures vanquished.

Vanquished Creatures (collateral kills)
  A dread lich (Zot:5)
  A juggernaut (Zot:3)
  Parghit (Depths:3)
  2 curse toes (Zot:5)
  3 Killer Klowns
  Margery (Depths:4)
  A caustic shrike (Depths:2)
  A golden dragon (Zot:4)
  Jory (Vaults:3)
  A bone dragon (Depths:4)
  2 electric golems
  A hellephant (Depths:4)
  3 tentacled monstrosities
  12 Orb Guardians
  A deep elf blademaster (Elf:3)
  A quicksilver dragon (Zot:2)
  Zenata (Crypt:2)
  3 liches
  A walking divine tome (Depths:2)
  5 acid blobs
  The ghost of Nebesus the Warrior, an adept CoCK of Xom (Swamp:2)
  A sphinx (Vaults:2)
  2 death cobs
  An ancient champion (Crypt:1)
  4 storm dragons
  A tengu reaver (Depths:3)
  3 shadow dragons
  4 protean progenitors
  A draconian monk (Zot:1)
  A draconian shifter (Zot:2)
  4 rockslimes
  2 draconian knights (Zot:5)
  A fire giant (Depths:2)
  2 revenants
  A deep elf sorcerer (Elf:3)
  2 emperor scorpions
  2 azure jellies (Slime:5)
  3 frost giants
  2 ghost moths
  2 draconian scorchers (Zot:1)
  A curse skull (Crypt:2)
  3 vault wardens
  A broodmother (Spider:4)
  A juggernaut zombie (Crypt:3)
  An orc warlord (Orc:2)
  A draconian annihilator (Zot:1)
  3 quicksilver oozes (Slime:5)
  6 ironbound preservers
  7 vampire knights
  3 ironbound thunderhulks
  4 very ugly things
  A green draconian (Zot:2)
  A deep elf demonologist (Elf:3)
  3 yellow draconians
  A deep elf annihilator (Elf:2)
  A black draconian (Zot:1)
  2 bunyips
  2 purple draconians
  7 red draconians
  A spark wasp (Depths:2)
  4 white draconians (Zot:1)
  4 deep elf death magi
  3 ettins
  An eidolon (Crypt:2)
  A crystal guardian (Vaults:4)
  2 jiangshi
  2 entropy weavers
  A deep elf high priest (Elf:3)
  A rakshasa (Depths:2)
  6 great orbs of eyes
  2 peacekeepers
  7 vault guards
  3 hydras
  5 ice dragons
  2 alligators
  6 centaur warriors
  2 jorogumos (Spider:3)
  A two-headed ogre (D:10)
  A ghost crab (Swamp:2)
  3 ironbound frosthearts
  The ghost of Mll the Fighter, a novice MiFi of Okawaru (D:10)
  8 dancing weapons
  2 radroaches (Zot:1)
  A deep troll shaman (Depths:2)
  6 death yaks
  3 tengu warriors
  Urug (D:12)
  A deep troll earth mage (Depths:1)
  2 vampire magi
  A soul eater (Crypt:3)
  An occultist (Depths:4)
  2 thrashing horrors
  3 spriggan berserkers
  2 spriggans (Depths:4)
  5 deep elf knights
  An iron troll (Depths:1)
  A pharaoh ant (Spider:2)
  14 skeletal warriors
  A goliath frog (Swamp:2)
  A bunyip zombie (Crypt:3)
  A bog body (Swamp:1)
  A spriggan druid (Swamp:4)
  A flayed ghost (Depths:1)
  6 phantasmal warriors
  An orc knight (Vaults:4)
  A lindwurm (shapeshifter) (Vaults:3)
  2 large abominations (Elf:1)
  3 arcanists
  4 deep elf archers
  21 deep trolls
  A swamp dragon (Swamp:2)
  6 deep elf pyromancers
  5 deep elf zephyrmancers
  2 ironbound convokers
  4 harpies (Vaults:1)
  3 lindwurms
  4 necromancers
  A steelbarb worm (Spider:2)
  12 ugly things
  3 shining eyes
  3 spectral spriggans (Swamp:2)
  A fire giant zombie (Vaults:4)
  3 wolf spiders
  A worldbinder (D:10)
  A jorogumo skeleton (Crypt:2)
  6 moths of wrath
  An elephant (Lair:4)
  A meliai (Spider:3)
  A human skeleton (Vaults:4)
  A naga zombie (Crypt:3)
  A kobold blastminer (Orc:2)
  A frost giant skeleton (Vaults:4)
  A gargoyle (D:14)
  A dire elephant zombie (Crypt:3)
  A smoke demon (Lair:5)
  A torpor snail (Spider:2)
  3 vault sentinels
  2 cane toads
  2 orange demons
  3 freezing wraiths
  2 komodo dragons
  5 yaktaurs
  A grey draconian skeleton (Crypt:3)
  An ice devil (Depths:2)
  A death drake zombie (Crypt:2)
  A hornet (shapeshifter) (Lair:5)
  8 hornets
  A troll (Orc:1)
  Prince Ribbit (D:6)
  6 tyrant leeches
  4 tarantellas
  7 blink frogs
  A glass eye (Slime:4)
  4 jumping spiders
  59 slime creatures
  2 culicivoras (Spider:4)
  3 wraiths
  5 golden eyes
  9 yaks
  A basilisk (Lair:1)
  A redback (shapeshifter) (Zot:4)
  2 swamp worm simulacra (Swamp:4)
  2 vampire mosquitoes (Swamp:2)
  8 redbacks
  A chaos spawn (Zot:4)
  2 steam dragons
  4 swamp worms
  An acid dragon (D:10)
  5 small abominations
  2 water moccasins
  2 hydra simulacra (Swamp:4)
  5 orc warriors (Orc:2)
  3 black bears
  2 laughing skulls
  7 ogres
  5 wolves
  A human zombie (Vaults:4)
  2 kobold brigands (D:7)
  A gnoll sergeant (D:10)
  3 bullfrogs
  3 wights
  2 killer bees (Lair:2)
  A shapeshifter skeleton (Crypt:2)
  2 centaur zombies (Ossuary)
  A howler monkey (D:7)
  A bombardier beetle (D:5)
  A hound (D:6)
  4 jellies (Lair:4)
  6 orc priests
  An iguana (D:8)
  A sleepcap (D:6)
  An orc wizard (D:10)
  2 hell rats (Lair:3)
  5 adders
  A white imp (D:6)
  23 orcs
  A gnoll zombie (Ossuary)
  8 kobolds
  A goblin zombie (Ossuary)
  2 hobgoblin zombies (Ossuary)
  2 orc zombies (Ossuary)
  2 rats (Lair:4)
  2 aspiring fleshes
  A butterfly (Lair:1)
619 creatures vanquished.

Vanquished Creatures (others)
  A vault warden (Vaults:1)
  A stone giant (Depths:2)
  A red draconian (Zot:4)
  2 yaktaur captains
  A deep elf high priest (Elf:3)
  A hydra (Swamp:2)
  A centaur warrior (Vaults:1)
  A deep elf archer (Elf:1)
  2 deep elf pyromancers
  A wolf spider (Spider:2)
  5 yaktaurs
  2 bloated husks (Swamp:2)
  A spriggan simulacrum (Swamp:2)
  61 knights
  2 ancestors
  3 foxfires
86 creatures vanquished.

Grand Total: 2722 creatures vanquished

Notes
Turn   | Place    | Note
-------+----------+-------------------------------------------
     0 | D:1      | CobblerOfWar the Spriggan Hunter began the quest for the
                  | Orb.
     0 | D:1      | Reached XP level 1. HP: 10/10 MP: 2/2
    82 | D:1      | Reached XP level 2. HP: 14/15 MP: 3/3
    91 | D:1      | Reached skill level 3 in Dodging
   224 | D:1      | Reached XP level 3. HP: 18/18 MP: 4/4
  1385 | D:2      | Reached XP level 4. HP: 23/23 MP: 5/5
  1748 | D:3      | Found a bloodstained altar of Trog.
  1749 | D:3      | Found a hazy altar of Hepliaklqana.
  1754 | D:3      | Found a radiant altar of Vehumet.
  1759 | D:3      | Found a broken altar of Ashenzari.
  1904 | D:3      | Became a worshipper of Hepliaklqana the Forgotten
  1994 | D:3      | Noticed Terence
  2016 | D:3      | Killed Terence
  2105 | D:3      | Reached skill level 5 in Ranged Weapons
  2186 | D:3      | Reached skill level 4 in Dodging
  2186 | D:3      | Reached XP level 5. HP: 27/27 MP: 6/6
  2439 | D:3      | Found Qalon's Distillery.
  2447 | D:3      | Bought a potion of curing for 42 gold pieces
  2447 | D:3      | Bought a potion of heal wounds for 70 gold pieces
  2844 | D:4      | Noticed an ogre
  2925 | D:4      | Reached * piety under Hepliaklqana
  3044 | D:4      | Killed an ogre
  3045 | D:4      | Reached XP level 6. HP: 28/28 MP: 7/7
  3247 | D:4      | Found a white marble altar of Elyvilon.
  3687 | D:5      | Entered Level 5 of the Dungeon
  3708 | D:5      | Found a runed translucent door.
  3714 | D:5      | Noticed Nebesus's ghost (novice AtFi)
  3818 | D:5      | Reached skill level 5 in Stealth
  3826 | D:5      | Reached skill level 5 in Dodging
  3960 | D:5      | Reached ** piety under Hepliaklqana
  3961 | D:5      | Remembered your ancestor Tainkorph as a knight
  3999 | D:5      | Reached XP level 7. HP: 32/32 MP: 8/8
  4254 | D:6      | Found a staircase to the Ecumenical Temple.
  4308 | D:6      | Noticed Prince Ribbit
  4317 | D:6      | Killed Prince Ribbit
  4391 | D:6      | Reached skill level 6 in Dodging
  4391 | D:6      | Reached XP level 8. HP: 37/37 MP: 9/9
  4821 | D:6      | Identified the +7 trident of Ashenzari {venom, rPois}
  5337 | D:7      | Reached *** piety under Hepliaklqana
  5355 | D:7      | You fall into a shaft and drop 3 floors!
  5355 | D:10     | Entered Level 10 of the Dungeon
  5421 | D:10     | Noticed a two-headed ogre
  5435 | D:9      | Noticed Erolcha
  5477 | D:9      | Noticed a two-headed ogre
  5588 | D:8      | Reached skill level 7 in Dodging
  5702 | D:7      | Reached XP level 9. HP: 41/41 MP: 10/10
  5889 | D:7      | Found a sand-covered staircase.
  5896 | Ossuary  | Entered an ossuary
  6051 | Ossuary  | Reached skill level 5 in Fighting
  6088 | Ossuary  | Reached skill level 8 in Dodging
  6089 | Ossuary  | Noticed a silent spectre
  6287 | D:7      | Reached **** piety under Hepliaklqana
  6668 | D:8      | Noticed a two-headed ogre
  6859 | D:8      | Reached skill level 10 in Ranged Weapons
  6868 | D:8      | Killed a two-headed ogre
  6869 | D:8      | Reached skill level 9 in Dodging
  6869 | D:8      | Reached XP level 10. HP: 40/47 MP: 11/11
  6941 | D:8      | Noticed a death yak
  6942 | D:8      | Noticed a death yak
  7019 | D:8      | Killed a death yak
  7367 | D:8      | Killed a death yak
  7368 | D:8      | Reached skill level 10 in Dodging
  7407 | D:8      | Found a staircase to the Lair.
  7513 | D:8      | Identified a scroll of acquirement
  7718 | D:9      | Killed a two-headed ogre
  8280 | D:9      | Killed Erolcha
  8290 | D:9      | Noticed Joseph
  8364 | D:9      | Killed Joseph
  8365 | D:9      | Reached skill level 11 in Dodging
  8365 | D:9      | Reached XP level 11. HP: 52/52 MP: 12/12
  8814 | D:9      | Noticed Grum
  8841 | D:9      | Killed Grum
  9342 | D:10     | Killed a two-headed ogre
  9372 | D:10     | Found a transporter.
  9418 | D:10     | Found a one-way gate to the infinite horrors of the Abyss.
  9418 | D:10     | Noticed Mll's ghost (novice MiFi)
  9470 | D:10     | Found a transporter.
  9824 | D:10     | Found a staircase to the Orcish Mines.
  9953 | D:10     | Found an opulent altar of Gozag.
 10091 | D:10     | Noticed a thrashing horror
 10225 | Lair:1   | Entered Level 1 of the Lair of Beasts
 10304 | Lair:1   | Reached skill level 12 in Dodging
 10635 | Lair:1   | Reached ***** piety under Hepliaklqana
 11350 | Lair:2   | Found a hole to the Spider Nest.
 11382 | Lair:2   | Reached XP level 12. HP: 40/57 MP: 13/13
 11579 | Lair:2   | Reached skill level 15 in Ranged Weapons
 11631 | Lair:2   | Found a staircase to the Swamp.
 12484 | Lair:2   | Noticed a six-headed hydra
 12489 | Lair:2   | Killed a six-headed hydra
 12732 | Lair:3   | Noticed Sonja
 12733 | Lair:3   | Killed Sonja
 13102 | Lair:3   | Found a runed translucent door.
 13105 | Lair:3   | Found a runed translucent door.
 13106 | Lair:3   | Found a runed translucent door.
 13238 | Lair:3   | Noticed a seven-headed hydra
 13242 | Lair:3   | Killed a seven-headed hydra
 13255 | Lair:3   | Noticed Amaemon
 13339 | Lair:3   | Killed Amaemon
 13597 | Lair:4   | Reached XP level 13. HP: 51/61 MP: 14/14
 13885 | Lair:4   | Reached skill level 1 in Invocations
 13998 | Lair:4   | Found a viscous altar of Jiyva.
 13999 | Lair:4   | Found a staircase to the Slime Pits.
 14111 | Lair:4   | Reached skill level 5 in Invocations
 14921 | Lair:5   | Entered Level 5 of the Lair of Beasts
 15235 | Lair:5   | Found a glowing golden altar of the Shining One.
 15736 | Lair:5   | Reached skill level 10 in Invocations
 15794 | Lair:5   | Reached XP level 14. HP: 61/65 MP: 22/22
 15801 | Lair:5   | Reached skill level 1 in Armour
 16008 | Lair:5   | Identified the +1 trident of Skirmishing {venom, Int+6
                  | SInv}
 16678 | Lair:5   | Reached ****** piety under Hepliaklqana
 16798 | Lair:5   | Reached skill level 13 in Dodging
 16911 | Lair:5   | Found a corrupted altar of Lugonu.
 17200 | Lair:5   | Identified the +6 falchion of Instant Death {heavy, rElec}
 17572 | Orc:1    | Entered Level 1 of the Orcish Mines
 17760 | Orc:2    | Entered Level 2 of the Orcish Mines
 17878 | Orc:2    | Found a staircase to the Elven Halls.
 17945 | Orc:2    | Found a roughly hewn altar of Beogh.
 18018 | Orc:2    | Found Taemp's Antique Weapon Boutique.
 18299 | Orc:2    | Noticed an orc warlord
 18643 | Orc:2    | Found a roughly hewn altar of Beogh.
 19099 | Orc:2    | Reached skill level 14 in Dodging
 19229 | Orc:1    | Found a burning altar of Makhleb.
 19644 | Orc:2    | Found a roughly hewn altar of Beogh.
 19711 | Orc:2    | Found Puamisch's Assorted Antiques.
 19716 | Orc:2    | Bought an emerald potion for 24 gold pieces
 19716 | Orc:2    | Bought a scroll labelled UBBOWK YFIOMIJ for 27 gold pieces
 19739 | Orc:2    | Found a roughly hewn altar of Beogh.
 19777 | Orc:2    | Found Ciomuw's Antique Weapon Emporium.
 19812 | Orc:2    | Found a roughly hewn altar of Beogh.
 19847 | Orc:2    | Found a roughly hewn altar of Beogh.
 20133 | Orc:2    | Killed an orc warlord
 20167 | Orc:2    | Found Ciodos's Antique Armour Boutique.
 20168 | Orc:2    | Found a roughly hewn altar of Beogh.
 20169 | Orc:2    | Found Oshobbap's Antique Weapon Shop.
 20443 | D:3      | Bought a potion of curing for 42 gold pieces
 20443 | D:3      | Bought a potion of curing for 42 gold pieces
 20443 | D:3      | Bought a potion of heal wounds for 70 gold pieces
 20443 | D:3      | Bought a potion of cancellation for 112 gold pieces
 20443 | D:3      | Bought a potion of haste for 140 gold pieces
 20698 | Orc:2    | Bought a runed hat for 189 gold pieces
 20698 | Orc:2    | Bought a scroll of teleportation for 81 gold pieces
 20698 | Orc:2    | Bought a scroll of identify for 54 gold pieces
 21227 | D:11     | Found a roughly hewn altar of Beogh.
 21618 | D:12     | Noticed Frances
 21627 | D:12     | Killed Frances
 21628 | D:12     | Reached skill level 5 in Armour
 21628 | D:12     | Reached XP level 15. HP: 72/72 MP: 23/23
 21651 | D:12     | Reached skill level 10 in Fighting
 21667 | D:12     | Noticed Fannar
 21673 | D:12     | Killed Fannar
 21776 | D:12     | Reached skill level 15 in Dodging
 21802 | D:12     | Identified the +6 falchion of the Four Visionaries {drain,
                  | Int+4}
 21821 | D:12     | Noticed Nessos
 21822 | D:12     | Noticed Kirke
 21826 | D:12     | Killed Nessos
 21835 | D:12     | Killed Kirke
 21855 | D:12     | Noticed Urug
 22281 | D:12     | Killed Urug
 22353 | D:12     | Found a portal to a secret trove of treasure.
 22790 | D:13     | Reached skill level 16 in Dodging
 23404 | D:14     | Found a flickering gateway to a bazaar.
 23414 | Bazaar   | Entered a bazaar
 23481 | Bazaar   | Found Maceid's Magic Scroll Shoppe.
 23489 | Bazaar   | Bought a scroll of acquirement for 468 gold pieces
 23489 | Bazaar   | Bought a scroll of enchant weapon for 67 gold pieces
 23515 | Bazaar   | Found Vaiw's Book Emporium.
 23521 | Bazaar   | Found Meomp's Weapon Emporium.
 23525 | Bazaar   | Found Lorruwk's Distillery.
 23560 | Bazaar   | Bought a scroll of identify for 18 gold pieces
 23560 | Bazaar   | Bought a scroll of summoning for 85 gold pieces
 23560 | Bazaar   | Bought a scroll of teleportation for 27 gold pieces
 23560 | Bazaar   | Bought a scroll of identify for 18 gold pieces
 23584 | Bazaar   | Bought a potion of invisibility for 88 gold pieces
 23584 | Bazaar   | Bought a potion of invisibility for 88 gold pieces
 23584 | Bazaar   | Bought a potion of curing for 33 gold pieces
 23584 | Bazaar   | Bought a potion of invisibility for 88 gold pieces
 23584 | Bazaar   | Acquired a manual of Unarmed Combat
 23585 | Bazaar   | Acquired a manual of Armour
 24099 | D:14     | Reached skill level 17 in Dodging
 24150 | D:14     | Found a gate to the Vaults.
 24596 | D:15     | Entered Level 15 of the Dungeon
 24665 | D:15     | Found a white marble altar of Elyvilon.
 24864 | D:15     | Reached XP level 16. HP: 79/79 MP: 24/24
 24872 | D:15     | Reached skill level 18 in Dodging
 24902 | D:15     | Found a staircase to the Depths.
 25754 | Swamp:1  | Entered Level 1 of the Swamp
 25759 | Lair:2   | Paralysed by a hornet for 2 turns
 26453 | Swamp:2  | Found a transporter.
 26495 | Swamp:2  | Found a transporter.
 26509 | Swamp:2  | Noticed Nebesus's ghost (adept CoCK)
 26539 | Swamp:2  | Reached skill level 19 in Dodging
 26909 | Swamp:2  | Identified the +2 robe "Kycec" {rF- Regen+ Int+5}
 27616 | Swamp:3  | Identified the +5 scale mail "Viexzyg" {rC- Int+3 SInv}
 28115 | Spider:1 | Entered Level 1 of the Spider Nest
 28431 | Lair:2   | Reached skill level 20 in Dodging
 29870 | Spider:2 | Reached XP level 17. HP: 86/86 MP: 25/25
 30744 | Spider:2 | Reached skill level 21 in Dodging
 31675 | Spider:3 | Identified the +10 rapier "Gefawk" {drain, *Slow rC+ rN+}
 32521 | Spider:4 | Entered Level 4 of the Spider Nest
 33835 | Spider:4 | Identified the orb "Veemiyl" {light, Harm rC++ Dex-2
                  | Stlth+}
 34407 | Spider:4 | Reached XP level 18. HP: 82/92 MP: 5/27
 34795 | Spider:4 | Reached skill level 22 in Dodging
 35027 | Spider:4 | Reached skill level 15 in Fighting
 35332 | Spider:4 | Identified the +0 hat "Nekhlid" {Rampage ^Drain rF+ rN+}
 35334 | Spider:4 | Identified the +0 hat of Distant Worlds {*Slow rElec rF+}
 35353 | Spider:4 | Got a gossamer rune of Zot
 35667 | Swamp:4  | Entered Level 4 of the Swamp
 35909 | Swamp:4  | Reached XP level 19. HP: 97/97 MP: 28/28
 36216 | Swamp:4  | Got a decaying rune of Zot
 36427 | Swamp:4  | Identified the +5 dagger of Vengeance {freeze, rCorr Dex+2}
 37141 | Elf:1    | Entered Level 1 of the Elven Halls
 38410 | Elf:1    | Reached skill level 10 in Armour
 38632 | Elf:2    | Found a crumbling gateway.
 38839 | Elf:2    | Reached skill level 23 in Dodging
 38936 | Elf:2    | Found a runed translucent gate.
 38937 | Elf:2    | Found a runed translucent gate.
 38938 | Elf:2    | Found a runed translucent gate.
 39386 | Elf:2    | Noticed hackum's ghost (adept FoHu)
 39521 | Elf:2    | Found a runed translucent door.
 39755 | Elf:2    | Killed hackum's ghost
 40276 | Elf:2    | Reached XP level 20. HP: 59/102 MP: 1/31
 41605 | Elf:3    | Entered Level 3 of the Elven Halls
 42143 | Elf:3    | Noticed Louise
 42259 | Elf:3    | Killed Louise
 43386 | Elf:3    | Identified the +7 lajatang of Cheibriados's Pride {flame,
                  | ^Drain rCorr Int+2}
 43708 | Elf:3    | Identified the ring "Isugus" {rPois Str+6 Stlth+}
 43712 | Elf:3    | Reached skill level 24 in Dodging
 44419 | Elf:3    | Identified the +2 robe of Inevitability {rF+++ rN+++ Int-4
                  | Dex-2}
 45487 | Elf:3    | Identified the staff "Pasch" {rElec rF- rN+ Str+6 Necro}
 45488 | Elf:3    | Identified the staff of Sandy Reinforcement {rElec rF+
                  | Fire}
 45489 | Elf:3    | Identified the staff of the Dripping Gods {rElec rF+ MP+9
                  | Fire}
 45499 | Elf:3    | Got the Book of Rotting Bringing Forth
 46094 | D:5      | Killed Nebesus's ghost
 46234 | D:10     | Killed Mll's ghost
 46623 | Swamp:2  | Identified the +0 pair of boots "Goffur" {rCorr Str+3}
 46661 | Swamp:2  | Killed Nebesus's ghost
 47170 | Vaults:1 | Entered Level 1 of the Vaults
 47906 | Vaults:1 | Reached skill level 15 in Invocations
 48073 | Vaults:1 | Reached skill level 25 in Dodging
 48556 | Vaults:1 | Reached XP level 21. HP: 109/109 MP: 33/33
 48640 | Vaults:1 | Found the +8 whip "Snakebite" {venom, curare, rPois}
 49378 | Vaults:2 | Found a staircase to the Crypt.
 50403 | Vaults:3 | Noticed Jory
 50585 | Vaults:3 | Found a flickering gateway to a bazaar.
 50590 | Bazaar   | Entered a bazaar
 50604 | Bazaar   | Found Dask's Weapon Emporium.
 50604 | Bazaar   | Found Geunaduh's Book Shoppe.
 50626 | Bazaar   | Found Jippuxoi's Assorted Antiques.
 50626 | Bazaar   | Found Hale's Weapon Shoppe.
 50631 | Bazaar   | Bought a scroll of teleportation for 72 gold pieces
 50648 | Bazaar   | Found Ulethiargh's Antique Armour Emporium.
 50664 | Bazaar   | Found Lixkesosm's Magic Scroll Emporium.
 50706 | Bazaar   | Bought a scroll of enchant armour for 97 gold pieces
 50706 | Bazaar   | Bought a scroll of teleportation for 39 gold pieces
 50706 | Bazaar   | Bought a scroll of teleportation for 39 gold pieces
 50732 | Bazaar   | Bought a potion of mutation for 192 gold pieces
 51274 | Vaults:3 | Reached skill level 26 in Dodging
 51358 | Vaults:3 | Killed Jory
 51848 | Vaults:3 | Identified the +10 battleaxe of Desertification {heavy, rN+
                  | Int+3 Dex+5}
 51976 | Vaults:3 | Identified the +4 dagger "Zarak" {freeze, rC+ rN+}
 51977 | Vaults:3 | Identified the ring of Daojogra {rPois Str+5}
 51984 | Vaults:3 | Identified the +5 mace "Qonwiwn" {drain, rCorr}
 52171 | Vaults:3 | Reached XP level 22. HP: 117/117 MP: 35/35
 52883 | Vaults:4 | Found a flickering gateway to a bazaar.
 52891 | Vaults:4 | Identified the +4 robe "Ovvi" {Int-3 Dex+5}
 52891 | Vaults:4 | Noticed Boris
 52900 | Vaults:4 | Killed Boris
 52903 | Bazaar   | Entered a bazaar
 53036 | Bazaar   | Found Jixzol's Assorted Antiques.
 53078 | Bazaar   | Found Asylunt's Book Emporium.
 53126 | Bazaar   | Found Dezof's Assorted Antiques.
 53134 | Bazaar   | Bought a potion of heal wounds for 115 gold pieces
 53134 | Bazaar   | Bought a potion of curing for 69 gold pieces
 53183 | Bazaar   | Found Moqor's Jewellery Emporium.
 53221 | Bazaar   | Bought a scroll of teleportation for 96 gold pieces
 53257 | Bazaar   | Bought a There-And-Back Book for 210 gold pieces
 53338 | Vaults:4 | Found the +3 crown of Dyrovepreva {rElec Int+2 SInv}
 53493 | Vaults:4 | Found a runed translucent gate.
 53493 | Vaults:4 | Found a runed translucent gate.
 53493 | Vaults:4 | Found a runed translucent gate.
 53493 | Vaults:4 | Noticed Qedwod's ghost (veteran DrFE)
 53807 | Vaults:4 | Noticed Norris
 54497 | Vaults:4 | Identified the +8 spear of Eternal Vigilance {drain, rN+
                  | Int+3 SInv}
 54639 | Vaults:4 | Killed Norris
 54935 | Vaults:4 | Found a viscous altar of Jiyva.
 55296 | Depths:1 | Entered Level 1 of the Depths
 55332 | Depths:1 | Reached skill level 27 in Dodging
 55412 | Depths:1 | Found a one-way gate leading to the halls of Pandemonium.
 55824 | Depths:1 | Found a sparkling altar of Nemelex Xobeh.
 56044 | Depths:1 | Found a gateway to Hell.
 56076 | Depths:1 | Found a one-way gateway to a ziggurat.
 56138 | Depths:1 | Found a shimmering blue altar of Sif Muna.
 56800 | Depths:2 | Identified the +3 robe "Siareekh" {Dex+2}
 56800 | Depths:2 | Noticed Boris
 56806 | Depths:2 | Killed Boris
 57304 | Depths:2 | Reached XP level 23. HP: 123/123 MP: 37/37
 58215 | Depths:2 | Noticed a caustic shrike
 58218 | Depths:2 | Noticed a caustic shrike
 58220 | Depths:2 | Noticed a caustic shrike
 58222 | Depths:2 | Killed a caustic shrike
 58226 | Depths:2 | Killed a caustic shrike
 58235 | Depths:2 | Killed a caustic shrike
 58301 | Depths:2 | Noticed a juggernaut
 58309 | Depths:2 | Killed a juggernaut
 58478 | Depths:2 | Identified the +3 halberd "Zafeb" {distort, Int+4}
 58505 | Depths:2 | Identified the +3 battleaxe of the Eleven Knives {venom,
                  | Will+}
 58963 | Depths:3 | Found a corrupted altar of Lugonu.
 58963 | Depths:3 | Noticed Parghit
 58981 | Depths:3 | Killed Parghit
 59010 | Depths:3 | Noticed a caustic shrike
 59015 | Depths:3 | Killed a caustic shrike
 59255 | Depths:3 | Identified the +3 robe of Ufoogoas {rElec rCorr Slay-2}
 59255 | Depths:3 | Noticed Boris
 59325 | Depths:2 | Killed Boris
 59864 | Depths:3 | Identified the orb of Honour {light, Str+4 Int+4 Dex-5}
 59864 | Depths:3 | Noticed Frederick
 59873 | Depths:3 | Killed Frederick
 60123 | D:12     | You paid a toll of a +6 demon trident to enter a treasure
                  | trove
 60124 | Trove    | Entered a treasure trove
 60136 | Trove    | Identified the +5 arbalest of the Iron City of Dis {freeze,
                  | Will+ Str+2}
 60171 | Trove    | Found the +7 captain's cutlass {speed, disarm}
 60173 | Trove    | Identified the +7 arbalest of Victory {drain, rF+ Str+3
                  | Int+3}
 60619 | Depths:3 | Identified the ring of Lainikl Sian {rF++ Dex+3 SInv}
 60627 | Depths:3 | Found a blossoming altar of Fedhas.
 60730 | Depths:3 | Noticed Sojobo
 61491 | Depths:4 | Entered Level 4 of the Depths
 61717 | Depths:4 | Noticed Xtahua
 61799 | Depths:4 | Reached XP level 24. HP: 124/126 MP: 37/37
 61802 | Depths:4 | Learned a level 2 spell: Blink
 61838 | Depths:4 | Reached skill level 1 in Translocations
 61849 | Depths:4 | Reached skill level 1 in Spellcasting
 61879 | Depths:4 | Found a gate to the Realm of Zot.
 61955 | Depths:4 | Noticed Margery
 62017 | Depths:4 | Noticed the Enchantress
 62338 | Depths:3 | Killed Sojobo
 63252 | Depths:4 | Killed Margery
 63255 | Depths:4 | Killed the ghostly Margery
 63256 | Depths:4 | Reached skill level 5 in Translocations
 63335 | Depths:4 | Identified the +4 great sword "Lomor" {freeze, Int+3}
 63578 | Depths:4 | Killed the Enchantress
 63579 | Depths:4 | Reached skill level 5 in Spellcasting
 63696 | Depths:4 | Found a radiant altar of Vehumet.
 64699 | Slime:1  | Entered Level 1 of the Pits of Slime
 64755 | Slime:1  | Gained mutation: Your magical capacity is low. (-10% MP) [a
                  | shining eye]
 64919 | Slime:1  | Reached skill level 1 in Shields
 65818 | Slime:3  | Gained mutation: You are agile. (Dex +4, Str/Int -1) [a
                  | shining eye]
 65820 | Slime:3  | Gained mutation: You passively map a small area around you.
                  | [a shining eye]
 66572 | Slime:5  | Entered Level 5 of the Pits of Slime
 66598 | Slime:5  | Gained mutation: You sometimes lose your temper in combat.
                  | [a shining eye]
 66603 | Slime:5  | Gained mutation: Your body sometimes deteriorates upon
                  | taking damage. [a shining eye]
 66921 | Slime:5  | Found a viscous altar of Jiyva.
 67153 | Slime:4  | Reached skill level 5 in Shields
 67528 | Slime:5  | Noticed the Royal Jelly
 67554 | Slime:5  | Killed the Royal Jelly
 67555 | Slime:5  | Reached skill level 10 in Translocations
 67555 | Slime:5  | Reached XP level 25. HP: 132/134 MP: 22/34
 67862 | Slime:5  | Identified the ring "Gafubbo" {Fire Str+4}
 67876 | Slime:5  | Identified the staff "Byipuyss" {rPois Str+4 Int+8 Alchemy}
 67877 | Slime:5  | Identified the ring of Yxkure {rElec rF+ Int+6 Slay-2}
 67922 | Slime:5  | Got a slimy rune of Zot
 68629 | D:8      | Lost mutation: You sometimes lose your temper in combat.
                  | [potion of mutation]
 68629 | D:8      | Lost mutation: You passively map a small area around you.
                  | [potion of mutation]
 68629 | D:8      | Gained mutation: You sometimes lose your temper in combat.
                  | [potion of mutation]
 68629 | D:8      | Gained mutation: You have a pair of small horns on your
                  | head. [potion of mutation]
 68629 | D:8      | Gained mutation: Your system is resistant to poisons.
                  | (rPois) [potion of mutation]
 68630 | D:8      | Lost mutation: You sometimes lose your temper in combat.
                  | [potion of mutation]
 68630 | D:8      | Lost mutation: Your body sometimes deteriorates upon taking
                  | damage. [potion of mutation]
 68630 | D:8      | Lost mutation: You are agile. (Dex +4, Str/Int -1) [potion
                  | of mutation]
 68630 | D:8      | Gained mutation: You are strong-willed. (Will+) [potion of
                  | mutation]
 68630 | D:8      | Gained mutation: Your mind is acute. (Int +4, Str/Dex -1)
                  | [potion of mutation]
 68955 | Crypt:1  | Entered Level 1 of the Crypt
 69445 | Crypt:1  | Noticed Zenata
 70003 | Crypt:2  | Reached skill level 10 in Spellcasting
 70155 | Crypt:2  | Killed Zenata
 70902 | Crypt:3  | Entered Level 3 of the Crypt
 71322 | Crypt:3  | Found a staircase to the Tomb.
 71327 | Crypt:3  | Found the +8 Wrath of Trog {antimagic, *Rage Rampage}
 72067 | Crypt:3  | Found a basalt altar of Yredelemnul.
 72144 | Crypt:3  | Reached skill level 10 in Shields
 72345 | Crypt:3  | Identified the ring "Vautokla" {rC+ Will+ Str+4 Int+3}
 72387 | Crypt:3  | Identified the staff of World Downfall {+Blink Int-2 Conj
                  | Hexes}
 72613 | Crypt:3  | Found the +8 trishula "Condemnation" {holy, anguish, *Noise
                  | Fly rN+}
 73831 | Zot:1    | Entered Level 1 of the Realm of Zot
 74161 | Zot:1    | Reached XP level 26. HP: 140/140 MP: 34/34
 74830 | Zot:1    | Learned a level 4 spell: Dimensional Bullseye
 75109 | Zot:1    | Reached skill level 1 in Hexes
 75849 | Zot:2    | Reached skill level 5 in Hexes
 76157 | Zot:3    | Noticed an ancient lich
 76775 | Zot:3    | Noticed a juggernaut
 76786 | Zot:3    | Killed a juggernaut
 77172 | Zot:3    | Killed an ancient lich
 77263 | Zot:3    | Reached skill level 15 in Armour
 78366 | Zot:4    | Found a shimmering altar of Xom.
 78366 | Zot:4    | Found a shimmering altar of Xom.
 78368 | Zot:4    | Found a shimmering altar of Xom.
 78368 | Zot:4    | Found a shimmering altar of Xom.
 78368 | Zot:4    | Found a glowing silver altar of Zin.
 78619 | Zot:4    | Found a transporter.
 78650 | Zot:4    | Found a transporter.
 78656 | Zot:4    | Found a transporter.
 78720 | Zot:4    | Found a transporter.
 78910 | Zot:5    | Entered Level 5 of the Realm of Zot
 78911 | Zot:5    | Noticed a dread lich
 79076 | Zot:5    | Noticed an orb of fire
 79099 | Zot:4    | Killed an orb of fire
 79219 | Zot:5    | Noticed an orb of fire
 79242 | Zot:4    | Killed an orb of fire
 79894 | Zot:5    | Noticed an ancient lich
 79901 | Zot:5    | Killed an ancient lich
 79937 | Zot:5    | Reached XP level 27. HP: 147/147 MP: 35/35
 79942 | Zot:5    | Noticed an orb of fire
 79952 | Zot:5    | Killed an orb of fire
 79962 | Zot:5    | Killed a dread lich
 80235 | Zot:5    | Found a huge runed translucent gate.
 80235 | Zot:5    | Found a huge runed translucent gate.
 80236 | Zot:5    | Found a huge runed translucent gate.
 80236 | Zot:5    | Found a huge runed translucent gate.
 80236 | Zot:5    | Found a huge runed translucent gate.
 80237 | Zot:5    | Found a huge runed translucent gate.
 80237 | Zot:5    | Found a huge runed translucent gate.
 80238 | Zot:5    | Found a huge runed translucent gate.
 80238 | Zot:5    | Found a huge runed translucent gate.
 80240 | Zot:5    | Found a huge runed translucent gate.
 80263 | Zot:5    | Found a huge runed translucent gate.
 80264 | Zot:5    | Found a huge runed translucent gate.
 80264 | Zot:5    | Found a huge runed translucent gate.
 80264 | Zot:5    | Found a huge runed translucent gate.
 80268 | Zot:5    | Found a huge runed translucent gate.
 80270 | Zot:5    | Found a huge runed translucent gate.
 80270 | Zot:5    | Found a huge runed translucent gate.
 80270 | Zot:5    | Found a huge runed translucent gate.
 80270 | Zot:5    | Found a huge runed translucent gate.
 80272 | Zot:5    | Found a huge runed translucent gate.
 80273 | Zot:5    | Found a huge runed translucent gate.
 80274 | Zot:5    | Found a huge runed translucent gate.
 80274 | Zot:5    | Found a huge runed translucent gate.
 80326 | Zot:5    | Found a huge runed translucent gate.
 80328 | Zot:5    | Found a huge runed translucent gate.
 80328 | Zot:5    | Found a huge runed translucent gate.
 80331 | Zot:5    | Found a huge runed translucent gate.
 80332 | Zot:5    | Found a huge runed translucent gate.
 80335 | Zot:5    | Found a huge runed translucent gate.
 80336 | Zot:5    | Found a huge runed translucent gate.
 80337 | Zot:5    | Found a huge runed translucent gate.
 80337 | Zot:5    | Found a huge runed translucent gate.
 80342 | Zot:5    | Found a huge runed translucent gate.
 80343 | Zot:5    | Found a huge runed translucent gate.
 80343 | Zot:5    | Found a huge runed translucent gate.
 80343 | Zot:5    | Found a huge runed translucent gate.
 80732 | Zot:5    | Noticed an ancient lich
 80740 | Zot:5    | Killed an ancient lich
 82541 | Zot:5    | Got the Orb of Zot
 82767 | Depths:4 | Noticed Qafubifi the pandemonium lord
 82851 | Depths:2 | Noticed Witenoti the pandemonium lord
 83125 | Temple   | Entered the Ecumenical Temple
 83135 | Temple   | Fell from the grace of Hepliaklqana
 83135 | Temple   | Became a worshipper of Xom of Chaos
 83221 | D:4      | XOM: potion effect (haste)
 83324 | D:$      | Escaped with the Orb!

Illustrated notes

Levels and vault maps discovered:
D:1:      nagdon_arrival_zigzag_paths, layout_basic
D:2:      layout_basic, serial_bayou, serial_bayou_crossing,
          serial_bayou_lake_a, serial_bayou_pond_a, serial_bayou_shore_b,
          serial_bayou_pond_e, serial_bayou_pond_d
D:3:      layout_loops_corners, nicolae_overflow_macrodata_refinement,
          serial_shops, nicolae_shop_pleasant_corner_grove, corner_web_ring,
          minmay_quantized, uniq_terence
D:4:      kb_forest_paths, layout_basic, mainiacjoe_overflow_brackets
D:5:      layout_rooms, ebering_ghost_sewer_d
D:6:      layout_cave_pods, minmay_temple_entry_antechambers,
          uniq_prince_ribbit1
D:7:      layout_cave_pools, chequers_ossuary_entry_cave
D:8:      layout_rooms, dpeg_lair_monsters
D:9:      layout_gridville, uniq_joseph, uniq_erolcha, uniq_grum
D:10:     layout_loops_ring, marbit_many_paths, hiddenorc1_lemuel,
          gammafunk_ghost_abyssal_escape
D:11:     layout_roguey [special_room_orc], serial_aquarium,
          aquarium_bridge_long_separate [aquarium_subvault_bridge,
          aquarium_subvault_wall, aquarium_subvault_balcony,
          aquarium_subvault_wall, aquarium_subvault_wall,
          aquarium_subvault_bridge], aquarium_window_corridor_3,
          aquarium_window_2, aquarium_view_2d, aquarium_view_2b,
          aquarium_balcony_5b, aquarium_pool_2
D:12:     layout_loops_ring, nicolae_trove_entry_free_sample, uniq_fannar,
          uniq_nessos, uniq_kirke, uniq_urug, uniq_frances
D:13:     layout_small_grid
D:14:     layout_small_grid, grunt_vaults_entry_fortified, serial_shops,
          bzr_entry_islet, kennysheep_cross_room
D:15:     hangedman_depths_entry_try_elsewhere_first, layout_basic,
          serial_glass, glass_columns_a, glass_columns_c, elyvilon_altar_1
Temple:   compressed_dpeg_triangle_lava_temple
Lair:1:   layout_small_grid, lemuel_fruit_fields
Lair:2:   cheibrodos_lair_overgrown_chateau, layout_chaotic_city,
          nicolae_swamp_entry_splash_gauntlet,
          hellmonk_spider_entry_not_the_bees, lemuel_fruit_tree,
          infiniplex_staircase_pool
Lair:3:   layout_chaotic_city, st_stairs_5, lemuel_fruit_fields,
          infiniplex_staircase_pool_2, uniq_amaemon, uniq_sonja
Lair:4:   layout_small_grid, minmay_slime_entry_jelly_boxes,
          kennysheep_abandoned_house, grunt_megastairs_2
Lair:5:   hellmonk_lair_end_abyssal_woods, layout_hall_layers, serial_bayou,
          serial_bayou_shore_b, serial_bayou_pond_e, serial_bayou_lagoon_a,
          serial_bayou_shore_a, lemuel_oklob_altar, serial_bayou_shore_b
Swamp:1:  layout_falls_marsh, nicolae_swamp_dense_foliage
Swamp:2:  layout_basic_swamp, gammafunk_ghost_mausoleum,
          nicolae_swamp_stuck_in_the_mud, nicolae_swamp_long_stream
Swamp:3:  layout_basic_swamp, evilmike_swamp_ruin_house_5, swamp_pool_1_2,
          nicolae_swamp_trees_clearing, nicolae_swamp_vermiculated
Swamp:4:  swamp_icy, layout_basic_swamp, swamp_pool_1_2
Spider:1: layout_spider_delve
Spider:2: layout_chambers, hellmonk_narrow_tunnel
Spider:3: layout_cave_pods, nicolae_spider_scorpion_nest
Spider:4: spider_rune_water, hangedman_spider_tarantella_strand
Slime:1:  layout_caves
Slime:2:  layout_caves
Slime:3:  layout_caves, nicolae_slime_crime_time
Slime:4:  layout_caves
Slime:5:  slime_pit_nicolae_trefoil
Orc:1:    layout_diamond_mine, basic_altar
Orc:2:    grunt_orc_community_town_hall, layout_diamond_mine,
          grunt_orc_community_big_house_1, grunt_orc_community_big_house_2,
          grunt_orc_community_house_2, grunt_orc_community_house_1,
          grunt_orc_community_house_3, grunt_orc_community_house_3,
          grunt_orc_community_house_2, serial_shops, shop,
          nicolae_orc_found_a_spring
Elf:1:    nicolae_elf_arrival_fired_up, layout_loops_corners, evilmike_minifort,
          laboratory
Elf:2:    elven_hall_of_blades_hangedman_original [nicolae_blade_lattice],
          layout_onion_city, hellmonk_ghost_big_iron,
          portal_desolation_entry_nicolae_slug
Elf:3:    elf_hall_gauntlet_narrow, layout_geoelf_octagon, uniq_louise
Vaults:1: nicolae_vaults_meiosis, nicolae_vaults_shelves_hall,
          vaults_mumra_chevron_long, nicolae_vaults_storage_closets_3,
          vaults_mumra_minichess, nicolae_vaults_security_offices_2, v_misc_33,
          vaults_dpeg_doors, vaults_room_pool, vaults_dpeg_emergency_exit,
          vaults_room_pool, nicolae_vaults_surprise_closet,
          layout_vaults_chaotic_city
Vaults:2: hangedman_vaults_stretched_pinwheel, nicolae_vaults_apartment_2,
          minmay_crypt_entry_nasty_monster, nicolae_vaults_more_shelving_1,
          v_misc_12, ontoclasm_vaults_chip, nicolae_vaults_frosty_reception,
          nicolae_vaults_trapezoid_lopsided_2, nicolae_vaults_little_squares_1,
          hangedman_vaults_nails, vaults_mumra_chevron, layout_vaults_ring
Vaults:3: nicolae_vaults_trapezoid_3, vaults_room_stairs_pillars,
          nicolae_vaults_six-pack, nicolae_vaults_storing_the_good_stuff,
          vaults_dpeg_diagonal, v_misc_33, nicolae_vaults_six-pack, v_rooms_1,
          nicolae_vaults_border_crossing, nicolae_vaults_puzzle_piece,
          nicolae_vaults_trapezoid_layered, nicolae_vaults_little_squares_6,
          vaults_dpeg_hooks, layout_vaults_omnicross, serial_shops, statue_bzr,
          uniq_jory
Vaults:4: gammafunk_ghost_ooze, nicolae_vaults_network_square, v_misc_11,
          nicolae_vaults_little_guard_posts, hangedman_vaults_stagger,
          hangedman_vaults_nodes, hangedman_vaults_maws, vaults_room_corners,
          nicolae_vaults_hallways_thing, hangedman_vaults_impose,
          layout_vaults_omnigrid, serial_shops, bzr_entry_customers,
          uniq_norris, uniq_boris
Crypt:1:  layout_chaotic_city, uniq_zenata
Crypt:2:  layout_chaotic_city
Crypt:3:  church_of_pain_bobbens, layout_chaotic_city
Depths:1: layout_forbidden_donut, enter_ziggurat_c, hangedman_geh_valley,
          pan_entry, nemelex_diamond_rough_becter, ldierk_geyser,
          nicolae_sif_muna_little_library
Depths:2: grunt_runaround [grunt_runaround_loot, grunt_runaround_doors_1,
          grunt_runaround_doors_2, grunt_runaround_doors_3,
          grunt_runaround_doors_4], hell_entry, pan_entry, abyss_entry
Depths:3: minmay_the_grid_octo_triangle [minmay_the_grid_octo_clover,
          minmay_the_grid_octo_prize_ultimate_mussel_roller,
          minmay_the_grid_octo_vomiting_pacman], layout_cave_shapes, hell_entry,
          nicolae_twisty_statue_hallways, abyss_entry_flame_altar,
          minmay_staircase_statues, uniq_parghit, uniq_frederick, uniq_sojobo
Depths:4: evilmike_zot_entry_diamond, layout_long_grid, rand_demon_pan_entry_9,
          hell_entry, nicolae_vehumet_altar_sigil, dk_noncrumbling_4,
          corexii_mini_fake_secret_closet, reono_crystal_passage,
          cheibrodos_lost_city_excavation, uniq_enchantress, uniq_xtahua,
          uniq_grunn, uniq_margery
Zot:1:    layout_cellular_growth
Zot:2:    layout_gridlike
Zot:3:    ebering_greatest_show_in_zot, layout_onion,
          regret_index_zotdec_golden_two_three
Zot:4:    dreamdust_zin_vs_xom, layout_basic,
          hangedman_zot_decor_unnerving_road, nicolae_transporter_intersection
Zot:5:    layout_misc_corridors, st_stairs_3, door_vault

Skill      XL: |  1  2  3  4  5  6  7  8  9 10 11 12 13 14 15 16 17 18 19 20 21 22 23 24 25 26 27 |
---------------+----------------------------------------------------------------------------------+-----
Stealth        | 2 3 4 5 6 8 |  8.0
Dodging        | 3 4 5 6 7 9 11 12 14 17 20 21 22 23 25 26 27 | 27.0
Fighting       | 2 3 4 5 7 8 9 12 13 14 15 16 17 18 20 21 22 23 24 | 24.1
Ranged Weapons | 5 6 7 8 10 12 14 17 18 | 18.0
Invocations    | 10 11 13 15 16 18 19 20 21 22 24 | 24.1
Armour         | 5 7 8 10 12 13 14 15 | 15.0
Translocations | 10 | 10.0
Spellcasting   | 8 10 | 10.0
Shields        | 5 10 | 10.0
Hexes          | 5 |  5.0

Action                     |  1- 3 |  4- 6 |  7- 9 | 10-12 | 13-15 | 16-18 | 19-21 | 22-24 | 25-27 || total
---------------------------+-------+-------+-------+-------+-------+-------+-------+-------+-------++-------
  Melee: Unarmed           |       |       |       |       |       |       |    18 |       |       ||    18
   Fire: Shortbow          |    85 |   195 |   409 |   234 |       |       |       |       |       ||   923
         Orcbow            |       |       |       |   161 |       |       |       |       |       ||   161
         Arbalest          |       |       |       |   402 |  1371 |  1181 |  1452 |  1679 |  1799 ||  7884
   Cast: Dimensional Bulls |       |       |       |       |       |       |       |       |     1 ||     1
 Invoke: Ancestor Life: Kn |       |     1 |       |       |       |       |       |       |       ||     1
         Recall Ancestor   |       |       |       |     3 |     5 |     4 |     9 |    10 |    11 ||    42
         Idealise          |       |       |       |       |     3 |     1 |     9 |    11 |    14 ||    38
  Evoke: Wand              |       |     2 |       |    14 |       |       |       |     1 |     3 ||    20
    Use: Scroll            |       |       |       |    10 |     8 |    12 |     5 |    14 |    12 ||    61
         Potion            |       |       |       |    10 |     1 |     1 |     5 |     5 |     3 ||    25
   Stab: Distracted        |       |       |       |       |       |       |     1 |       |       ||     1
 Armour: Robe              |    10 |    18 |     4 |       |       |       |       |       |       ||    32
         Steam dragon scal |       |       |    28 |    77 |    82 |   151 |   176 |   116 |   228 ||   858
         Acid dragon scale |       |       |       |       |       |       |       |    46 |    15 ||    61
  Dodge: Dodged            |    30 |    44 |   103 |   347 |   342 |   916 |   648 |   709 |  1340 ||  4479

Table legend: (Time is in decaauts)
 A = Elapsed time spent in this place.
 B = Non-inter-level travel time spent in this place.
 C = Inter-level travel time spent in this place.
 D = Time resting spent in this place.
 E = Time spent auto-exploring this place.
 F = Levels seen in this place.
 G = Mean time per level.
                   A        B        C        D        E       F      G
               +--------+--------+--------+--------+--------+-----+--------+
         Total |  65475 |  58490 |   6985 |  18015 |  27599 |  60 | 1091.2 |
       Dungeon |  12409 |  10089 |   2320 |   1559 |   6214 |  15 |  827.3 |
        Temple |     13 |      3 |     10 |      0 |      0 |   1 |   13.0 |
          Lair |   6749 |   6031 |    718 |   1599 |   3004 |   5 | 1349.8 |
         Swamp |   3116 |   2907 |    209 |    721 |   1561 |   4 |  779.0 |
   Spider Nest |   5399 |   4929 |    470 |   1895 |   1887 |   4 | 1349.8 |
    Slime Pits |   3011 |   2622 |    389 |    929 |   1043 |   5 |  602.2 |
  Orcish Mines |   2387 |   2237 |    150 |    718 |    960 |   2 | 1193.5 |
   Elven Halls |   7498 |   7127 |    371 |   4328 |   1936 |   3 | 2499.3 |
        Vaults |   6385 |   5716 |    669 |    812 |   3677 |   4 | 1596.2 |
         Crypt |   3239 |   3101 |    138 |    759 |   1486 |   3 | 1079.7 |
        Depths |   7245 |   6440 |    805 |   2085 |   2869 |   4 | 1811.2 |
           Zot |   7217 |   6486 |    731 |   2609 |   2490 |   5 | 1443.4 |
        Bazaar |    538 |    538 |      0 |      0 |    363 |   3 |  179.3 |
         Trove |     67 |     67 |      0 |      0 |     37 |   1 |   67.0 |
       Ossuary |    194 |    194 |      0 |      0 |     68 |   1 |  194.0 |
               +--------+--------+--------+--------+--------+-----+--------+

Top non-repeatable levels by time:
   Elf:3: 3819 daAuts
Depths:2: 3314 daAuts
   Elf:2: 2418 daAuts
   Zot:4: 2367 daAuts
  Lair:2: 2226 daAuts
Spider:3: 1830 daAuts
   Zot:5: 1788 daAuts
Vaults:3: 1780 daAuts
Vaults:4: 1753 daAuts
Depths:3: 1680 daAuts
  Lair:5: 1650 daAuts
   Orc:2: 1570 daAuts
     D:8: 1564 daAuts
Spider:4: 1552 daAuts
Spider:2: 1550 daAuts
